AoeStats
← Tubbi

Arena

507597678Analyzed
4v4 RM · 12d ago on Sep 18, 2026· 48m 9s· 8 players
Game mode
Random Map
Map size
Large (8 player)
Population
200
Speed
Normal
Resources
Standard
Victory
Conquest
Starting age
Dark Age
Ending age
Imperial Age
RankedLock teamsTeams togetherTeam positionsShared explorationLock speedFull tech treeHidden civsTurbo modeCheats
Victory
Defeat
🇨🇳 Hindustanis · China
809
+12
🇹🇷 Franks · Türkiye
774
+14
🇺🇸 Burgundians · United States
647
+19
🇺🇸 Britons · United States
645
+19
🇦🇷 Vietnamese · Argentina
825
-21
🇨🇴 Persians · Colombia
714
-16
🇨🇱 Bohemians · Chile
679
-14
🇨🇴 Bohemians · Colombia
645
-13
naps
0:26 Loom
13:50 Feudal Age
19:38 Castle Age
22:11 Wheelbarrow
25:05 Horse Collar
27:53 Hand Cart
29:15 Heavy Plow
29:51 Caravan
30:27 Double-Bit Axe
33:27 Imperial Age
31:02 Town Watch
33:05 Chemistry
32:36 Fletching
32:47 Padded Archer Armor
32:35 Treadmill Crane
33:39 Bodkin Arrow
34:00 Leather Archer Armor
33:57 Forging
33:47 Scale Mail Armor
33:16 Pikeman
33:56 Squires
33:42 Arson
34:29 Conscription
35:04 Siege Engineers
35:13 Fortified Wall
35:25 Wagenburg Tactics
35:59 Elite Skirmisher
36:50 Bracer
37:20 Ring Archer Armor
36:39 Imperial Skirmisher
38:36 Halberdier
39:54 Iron Casting
39:34 Chain Mail Armor
39:50 Chain Mail Armor
40:53 Cavalier
41:33 Husbandry
42:43 Blast Furnace
42:13 Plate Mail Armor
41:48 Scale Barding Armor
44:44 Light Cavalry
47:21 Coinage
47:38 Chain Barding Armor
Germanico90
11:43 Feudal Age
12:12 Double-Bit Axe
16:21 Horse Collar
20:53 Castle Age
18:40 Loom
19:32 Forging
20:11 Gold Mining
23:13 Wheelbarrow
22:53 Bow Saw
22:45 Heavy Plow
22:42 Stone Mining
27:31 Scale Barding Armor
28:39 Bloodlines
28:30 Husbandry
36:35 Hand Cart
36:48 Light Cavalry
37:58 Pikeman
39:58 Squires
46:16 Imperial Age
45:30 Iron Casting
44:57 Scale Mail Armor
45:55 Halberdier
Caligula
1:12 Loom
12:26 Feudal Age
12:51 Double-Bit Axe
12:53 Horse Collar
14:28 Wheelbarrow
13:40 Town Watch
21:41 Castle Age
22:24 Heavy Plow
22:38 Bow Saw
22:47 Hand Cart
27:37 Fortified Wall
27:48 Murder Holes
31:52 Chemistry
34:39 Imperial Age
32:11 Town Patrol
34:32 Chemistry
37:33 Two-Man Saw
36:38 Caravan
46:17 Guilds
46:38 Coinage
Tubbi
10:42 Feudal Age
12:03 Horse Collar
12:16 Double-Bit Axe
17:23 Castle Age
15:43 Horse Collar
17:19 Wheelbarrow
16:41 Loom
17:41 Wheelbarrow
18:31 Bow Saw
18:24 Heavy Plow
19:29 Stone Mining
19:33 Gold Mining
21:16 Hand Cart
21:15 Town Watch
22:07 Stone Mining
23:43 Stone Shaft Mining
25:08 Treadmill Crane
27:32 Bloodlines
27:23 Husbandry
27:37 Forging
27:03 Elite Skirmisher
27:50 Thumb Ring
30:05 Town Patrol
30:09 Caravan
32:51 Ballistics
32:28 Murder Holes
32:56 Pikeman
33:37 Squires
33:42 Scale Mail Armor
37:32 Imperial Age
35:50 Arson
36:50 Iron Casting
36:30 Chain Mail Armor
36:08 Fletching
36:18 Padded Archer Armor
38:02 Caravan
38:49 Paper Money
38:04 Imperial Skirmisher
38:29 Halberdier
40:14 Plate Mail Armor
39:40 Bodkin Arrow
40:00 Leather Archer Armor
42:48 Chemistry
41:19 Cavalier
44:42 Bracer
44:57 Leather Archer Armor
44:48 Scale Barding Armor
47:33 Light Cavalry
longbow900
13:25 Feudal Age
12:32 Loom
16:32 Wheelbarrow
22:23 Castle Age
23:12 Caravan
29:19 Hand Cart
35:38 Imperial Age
35:02 Yeomen
34:36 Fletching
34:47 Padded Archer Armor
35:42 Fortified Wall
35:37 Murder Holes
37:16 Pikeman
41:02 Conscription
41:18 Hoardings
41:36 Squires
41:22 Arson
41:22 Gambesons
41:36 Bodkin Arrow
41:57 Leather Archer Armor
45:37 Chemistry
44:57 Ballistics
44:23 Arrowslits
44:30 Guard Tower
44:22 Treadmill Crane
44:53 Masonry
44:48 Siege Engineers
44:46 Bracer
45:31 Ring Archer Armor
45:40 Elite Longbowman
waxahn
8:17 Wheelbarrow
8:17 Loom
11:05 Feudal Age
9:28 Double-Bit Axe
9:36 Gold Mining
11:58 Bow Saw
12:25 Gold Shaft Mining
13:24 Horse Collar
16:47 Hand Cart
17:58 Heavy Plow
21:41 Castle Age
21:20 Forging
21:19 Stone Mining
22:41 Stone Shaft Mining
22:19 Scale Barding Armor
25:42 Arson
25:21 Cavalier
27:23 Iron Casting
29:31 Crop Rotation
29:26 Husbandry
30:31 Pikeman
31:13 Squires
37:08 Imperial Age
35:27 Elite Skirmisher
36:20 Fletching
36:33 Scale Mail Armor
37:23 Paladin
39:07 Ballistics
39:48 Chemistry
41:09 Blast Furnace
41:12 Guilds
42:47 Bodkin Arrow
42:20 Halberdier
45:18 Burgundian Vineyards
46:08 Bracer
46:11 Padded Archer Armor
46:28 Chain Mail Armor
46:33 Chain Barding Armor
47:31 Elite Coustillier
cmblqn
5:12 Loom
13:04 Feudal Age
15:02 Wheelbarrow
14:23 Town Watch
18:25 Castle Age
16:47 Double-Bit Axe
17:17 Stone Mining
18:41 Gold Mining
20:22 Bow Saw
21:10 Gold Shaft Mining
20:36 Fletching
23:18 Scale Barding Armor
23:24 Forging
25:46 Husbandry
31:05 Imperial Age
31:12 Ballistics
30:56 Bodkin Arrow
31:02 Padded Archer Armor
32:53 Chemistry
34:28 Hand Cart
35:08 Masonry
36:42 Cavalier
38:33 Chain Barding Armor
38:48 Iron Casting
38:15 Caravan
38:45 Coinage
39:47 Chivalry
44:05 Plate Barding Armor
44:31 Blast Furnace
43:00 Paladin
45:17 Leather Archer Armor
fjk
11:27 Feudal Age
12:06 Double-Bit Axe
12:59 Wheelbarrow
12:06 Horse Collar
19:12 Castle Age
17:18 Gold Mining
18:40 Stone Mining
20:09 Hand Cart
19:57 Heavy Plow
20:46 Bow Saw
23:48 Town Watch
26:08 Gold Shaft Mining
30:56 Imperial Age
29:38 Grand Trunk Road
30:03 Bloodlines
29:53 Husbandry
30:37 Masonry
30:35 Scale Barding Armor
30:41 Forging
31:38 Chain Barding Armor
31:36 Loom
33:08 Two-Man Saw
32:33 Conscription
31:37 Heavy Camel Rider
32:34 Siege Engineers
33:36 Iron Casting
34:33 Chemistry
34:11 Plate Barding Armor
34:06 Imperial Camel Rider
35:12 Ballistics
34:49 Elite Skirmisher
35:35 Thumb Ring
36:35 Blast Furnace
35:26 Fletching
35:37 Padded Archer Armor
36:37 Caravan
37:21 Squires
37:48 Scale Mail Armor
37:26 Elite Ghulam
38:34 Bodkin Arrow
38:55 Leather Archer Armor
41:03 Chain Mail Armor
40:50 Bracer
42:50 Ring Archer Armor
Connection lost

Rejoining the realm…

Still unreachable

The connection could not be restored.

Session expired

The server has moved on; the page needs a fresh start.